 Dungeon Crawl Stone Soup version 0.30.0-5-g1a98f26d00 (webtiles) character file.

Game seed: 6369832755338255765

23421 Edyrem the Fighter (level 13, -6/103 HPs)
             Began as a Djinni Fire Elementalist on May 12, 2023.
             Was an Initiate of Gozag.
             Mangled by a cane toad (11 damage)
             ... on level 4 of the Lair of Beasts.
             The game lasted 00:48:44 (12383 turns).

Edyrem the Fighter (Djinni Fire Elementalist)      Turns: 12383, Time: 00:48:45

Health: -6/103     AC: 19    Str:  9    XL:     13   Next: 35%
Gold:   1879       EV:  9    Int: 23    God:    Gozag SH:  0 Dex: 14

rFire   + + +        b - +8 spear of Peril {heavy, rN+}
rCold   x x x        (no shield)
rNeg    + . .        h - +0 fire dragon scales
rPois   ∞            F - +2 helmet
rElec   .            q - +0 cloak
rCorr   .            T - +0 pair of gloves
SInv    .            (boots unavailable)
Will    +....        J - amulet of regeneration
Stlth   +            I - ring "Gaedun" {Wiz rC- Int+3 Stlth+}
HPRegen 1.17/turn    o - ring of fire
MPRegen 0.00/turn

%: wizardry (x1), infuse magic (-7 HP)
@: gold aura, freezing walls, flying
A: sickness immunity, fire resistance 2, cold vulnerability 1, float, innate
caster, HP casting, extra vitality 1, iridescent scales 1, sense surroundings 1
a: Renounce Religion, Potion Petition, Call Merchant, Bribe Branch


You were on level 4 of the Lair of Beasts.
You worshipped Gozag.
Gozag was most pleased with you.
You visited 3 branches of the dungeon, and saw 15 of its levels.

You collected 3041 gold pieces.
You spent 1162 gold pieces at shops.

Inventory:

Hand Weapons
 a - a +5 hand axe of flaming
 b - the +8 spear of Peril (weapon) {heavy, rN+}
   (You bought it in a shop on level 5 of the Dungeon)

   rN:        It protects you from negative energy.
 c - the +5 dagger of Subterfuge {freeze, Str+5}
   (You found it on level 2 of the Lair of Beasts)

   Str:       It affects your strength (+5).
 C - a -2 demon whip of venom
Missiles
 f - 3 curare-tipped darts
 r - 25 poisoned darts
 s - 6 javelins
 U - a throwing net
Armour
 h - +0 fire dragon scales (worn)
 q - a +0 cloak (worn)
 y - a +0 robe
 F - a +2 helmet (worn)
 M - a scarf of shadows
 T - a +0 pair of gloves (worn)
Jewellery
 k - a ring of positive energy
 o - a ring of fire (right hand)
 E - a ring of fire
 I - the ring "Gaedun" (left hand) {Wiz rC- Int+3 Stlth+}
   (You bought it in a shop on level 5 of the Dungeon)

   [ring of wizardry]

   It improves your spell success rate.
   Int:       It affects your intelligence (+3).
   rC:        It makes you vulnerable to cold.
   Stlth:     It makes you more stealthy.
 J - an amulet of regeneration (around neck)
 L - a ring of ice
 W - a +6 ring of strength
Wands
 O - a wand of charming (33)
 P - a wand of digging (6)
 R - a wand of flame (30)
 S - a wand of iceblast (4)
 V - a wand of mindburst (5)
Scrolls
 d - 6 scrolls of identify {@r1}
 e - 5 scrolls of enchant armour
 i - 2 scrolls of poison
 j - 2 scrolls of blinking
 m - a scroll of fog {unknown}
 p - 6 scrolls of fear
 t - 2 scrolls of brand weapon {unknown}
 v - 7 scrolls of teleportation
 w - a scroll of immolation
 A - a scroll of silence {unknown}
 B - a scroll of torment {unknown}
 G - a scroll of magic mapping
Potions
 g - 12 potions of curing {@q2}
 l - 4 potions of invisibility {unknown}
 n - 2 potions of mutation
 u - 5 potions of attraction {unknown}
 x - 4 potions of brilliance {unknown}
 z - 2 potions of magic {unknown}
 D - a potion of haste {unknown}
 H - 3 potions of berserk rage {unknown}
 K - 8 potions of heal wounds {@q1}
 N - 3 potions of might {unknown}
 Q - a potion of resistance {unknown}
 X - a potion of ambrosia {unknown}


   Skills:
 * Level 13.3 Fighting
 + Level 9.4 Armour
 + Level 6.0 Dodging
 - Level 1.5 Stealth
 * Level 10.7 Spellcasting


You knew the following spells:

 Your Spells              Type           Power      Damage    Failure   Level
a - Foxfire               Conj/Fire      100%       2x1d9     1%          1
b - Scorch                Fire           100%       2d9       1%          2
c - Magic Dart            Conj           100%       1d8       1%          1
d - Static Discharge      Conj/Air       100%       2-7/arc   1%          2
e - Flame Wave            Conj/Fire      75%        2d17      1%          4
f - Volatile Blastmotes   Fire/Tloc      100%       2d18      1%          3
g - Inner Flame           Hex/Fire       75%        N/A       1%          3
h - Teleport Other        Tloc           58%        N/A       1%          3
i - Frozen Ramparts       Ice            100%       1d16      1%          3
j - Animate Armour        Summ/Erth      100%       N/A       1%          4
k - Summon Forest         Summ/Tloc      29%        N/A       6%          5
Your spell library was empty.

Dungeon Overview and Level Annotations

Branches:
Dungeon (10/15)            Temple (1/1) D:6            Lair (4/5) D:10
  Swamp (0/4) Lair:3       Spider (0/4) Lair:2
  Slime: Lair:4-5       Orc: D:9-12

Altars:
Ashenzari
Gozag
Trog
Wu Jian

Shops:
D:5 =(   D:7 !   D:10 *

Annotations:
D:4 exclusion: statue


Innate Abilities, Weirdness & Mutations

You are immune to sickness and miasma.
You are immune to poison.
Your flesh is very heat resistant. (rF++)
You are vulnerable to cold. (rC-)
You float through the air rather than walking.
You learn spells naturally, not from books.
Your magical power is your life essence.
You have superior vitality. (+4 MHP)
You are partially covered in iridescent scales. (AC +2)
You passively map a small area around you.


Message History

The flame wave engulfs the elephant!!
The elephant is heavily wounded.
The elephant is no longer distracted by gold.
The flame wave engulfs the cane toad.
The cane toad is lightly wounded.
The cane toad is no longer distracted by gold.
* * * LOW HITPOINT WARNING * * *
You finish channelling waves of flame.
The elephant tramples you but does no damage.
The elephant closely misses you.
Your Dodging skill increases to level 6!
Casting: Flame Wave (mildly dangerous; 1% risk of failure)
Confirm with . or Enter, or press ? or * to list all spells.
Casting: Flame Wave (mildly dangerous; 1% risk of failure)
Press: ? - help, Dir - look around, f - activate You feel a surge of power!
A wave of flame ripples out!
The flame wave engulfs the cane toad.
The cane toad is lightly wounded.
The flame wave engulfs the elephant!
The elephant is almost dead. (Press . to intensify the flame waves.)
* * * LOW HITPOINT WARNING * * *
The elephant tramples you but does no damage.
The elephant trunk-slaps you.
* * * LOW HITPOINT WARNING * * *
The wall freezes the cane toad but does no damage.
The cane toad stings you!
* * * LOW HITPOINT WARNING * * *
A wave of flame ripples out!
The flame wave engulfs the cane toad!!
The cane toad is severely wounded.
The flame wave engulfs the elephant!
You kill the elephant!
The flame wave engulfs the elephant!!
The elephant is severely wounded.
* * * LOW HITPOINT WARNING * * *
The ice encasing you melts away.
The wall freezes the cane toad but does no damage.
The cane toad stings you!
You die...
Your body crumbles into a pile of gold.

. , ...# , §. * ..## ..#
#..#### . §..###
##...#.###.. , , .....#
###P....##P... #....##
##.............
#.....####.....#........
, ,
#...........#$$.!..#.
##....#.#.####@FY.###, ,
##...##.8.## ##$$.#, , ,
, ##....#.....# ,..## *
......#8.>.8# ,...S, ,,
...<..#.....# .....
......##...## , ,.......
, , §...#####+##* ,
....... .§###* ,,
....... , , ..* , , , *
,


You could see an elephant, a cane toad and a water moccasin.

Vanquished Creatures
  2 hydras
  2 two-headed ogres (D:9)
  A boulder beetle (Lair:3)
  Amaemon (Lair:2)
  A skyshark (Lair:3)
  Pikel (D:5)
  An oklob plant (Lair:3)
  2 black mambas
  Maurice (D:8)
  10 elephants (Lair:4)
  A torpor snail (Lair:2)
  An orange demon (Lair:2)
  5 rime drakes
  4 komodo dragons
  7 cane toads
  A troll (D:10)
  A hornet (D:10)
  A polar bear (Lair:3)
  12 yaks
  A basilisk (Lair:1)
  Grum (D:8)
  4 wyverns
  2 steam dragons (D:7)
  Menkaure (D:6)
  An acid dragon (D:7)
  11 water moccasins
  2 orc warriors
  2 ice beasts
  A sky beast (D:6)
  A black bear (D:5)
  An ogre (D:5)
  11 wolves
  2 lemures (D:5)
  A kobold brigand (D:8)
  10 bullfrogs
  2 gnoll sergeants
  8 scorpions
  4 wights (D:7)
  10 killer bees
  4 electric eels
  5 howler monkeys
  10 hounds
  A wyvern simulacrum (D:8)
  3 orc priests
  A jelly (D:5)
  Terence (D:3)
  2 iguanas
  7 orc wizards
  14 gnolls
  8 adders
  4 shadow imps (D:7)
  7 white imps
  4 ufetubi
  2 worms
  31 orcs
  12 ball pythons
  3 endoplasms
  3 giant cockroaches
  7 goblins
  8 hobgoblins
  5 jackals
  4 quokkas
  9 bats
  2 frilled lizards
  12 kobolds
  4 rats
  2 butterflies (Lair:2)
306 creatures vanquished.

Vanquished Creatures (collateral kills)
  A gnoll (D:9)
  12 foxfires
13 creatures vanquished.

Vanquished Creatures (others)
  724 foxfires
724 creatures vanquished.

Grand Total: 1043 creatures vanquished

Notes
Turn   | Place    | Note
-------+----------+-------------------------------------------
     0 | D:1      | Edyrem the Djinni Fire Elementalist began the quest for the
                  | Orb.
     0 | D:1      | Edyrem set off with the following spells memorised:
                  | Foxfire, Scorch, Volatile Blastmotes, Inner Flame, Flame
                  | Wave.
     0 | D:1      | Reached XP level 1. HP: 15/15 MP: 0/0
   104 | D:1      | Reached XP level 2. HP: 20/22 MP: 0/0
   116 | D:1      | Reached skill level 1 in Fighting
   256 | D:1      | Found a faded altar of an unknown god.
   335 | D:1      | Prayed at the altar of an unknown god.
   335 | D:1      | Became a worshipper of Gozag Ym Sagoz the Greedy
   527 | D:1      | Reached XP level 3. HP: 18/27 MP: 0/0
   527 | D:1      | Learned a level 1 spell: Magic Dart
  1756 | D:3      | Reached skill level 2 in Fighting
  1756 | D:3      | Reached skill level 1 in Armour
  1756 | D:3      | Reached XP level 4. HP: 28/33 MP: 0/0
  1997 | D:3      | Found an ornate altar of the Wu Jian Council.
  2005 | D:3      | Reached XP level 5. HP: 29/39 MP: 0/0
  2005 | D:3      | Learned a level 2 spell: Static Discharge
  2140 | D:3      | Noticed Terence
  2146 | D:3      | Killed Terence
  2298 | D:3      | Found a broken altar of Ashenzari.
  2321 | D:3      | Reached skill level 3 in Fighting
  2808 | D:4      | Reached XP level 6. HP: 40/46 MP: 0/0
  3186 | D:4      | Noticed an ice beast
  3191 | D:4      | Killed an ice beast
  3192 | D:4      | Reached skill level 4 in Fighting
  3258 | D:4      | Reached XP level 7. HP: 42/52 MP: 0/0
  3258 | D:4      | Learned a level 3 spell: Teleport Other
  3698 | D:5      | Entered Level 5 of the Dungeon
  3727 | D:5      | Found Wuafrocs's Jewellery Emporium.
  3727 | D:5      | Noticed Pikel
  3738 | D:5      | Killed Pikel
  3739 | D:5      | Reached skill level 5 in Fighting
  3739 | D:5      | Reached XP level 8. HP: 37/60 MP: 0/0
  3843 | D:5      | Reached skill level 5 in Spellcasting
  3965 | D:5      | You are sucked into a shaft and drop 3 floors!
  3989 | D:8      | Reached skill level 6 in Fighting
  3989 | D:8      | HP: 3/61 [/static electricity (1)]
  4239 | D:6      | Reached XP level 9. HP: 41/67 MP: 0/0
  4239 | D:6      | Learned a level 3 spell: Frozen Ramparts
  4546 | D:5      | Bought the ring "Gaedun" {Wiz rC- Int+3 Stlth+} for 430
                  | gold pieces
  4546 | D:5      | Bought an amulet of regeneration for 330 gold pieces
  4984 | D:5      | Reached skill level 7 in Fighting
  5184 | D:5      | Found Jiyt's Antique Weapon Emporium.
  5189 | D:5      | Bought a twisted spear for 160 gold pieces
  5189 | D:5      | Identified the +8 spear of Peril {heavy, rN+} (You bought
                  | it in a shop on level 5 of the Dungeon)
  5583 | D:6      | Noticed Menkaure
  5590 | D:6      | Killed Menkaure
  5664 | D:6      | Found a staircase to the Ecumenical Temple.
  5679 | Temple   | Entered the Ecumenical Temple
  6174 | D:7      | Reached skill level 5 in Armour
  6292 | D:7      | Reached skill level 8 in Fighting
  6592 | D:7      | Gained mutation: You are partially covered in iridescent
                  | scales. (AC +2) [potion of mutation]
  6592 | D:7      | Gained mutation: You passively map a small area around you.
                  | [potion of mutation]
  6867 | D:7      | Found Bymuej's Distillery.
  6872 | D:7      | Bought a potion of heal wounds for 55 gold pieces
  6872 | D:7      | Bought 2 potions of heal wounds for 110 gold pieces
  6872 | D:7      | Bought a potion of heal wounds for 55 gold pieces
  7041 | D:8      | Reached XP level 10. HP: 60/76 MP: 0/0
  7131 | D:8      | Noticed Grum
  7140 | D:8      | Killed Grum
  7253 | D:8      | Reached skill level 9 in Fighting
  7707 | D:8      | Found a bloodstained altar of Trog.
  7757 | D:8      | Noticed Maurice
  7769 | D:8      | Killed Maurice
  7913 | D:9      | Noticed a two-headed ogre
  7922 | D:9      | Killed a two-headed ogre
  8054 | D:9      | Noticed a two-headed ogre
  8064 | D:9      | Killed a two-headed ogre
  8065 | D:9      | Reached skill level 10 in Fighting
  8065 | D:9      | Reached XP level 11. HP: 57/85 MP: 0/0
  8065 | D:9      | Learned a level 4 spell: Animate Armour
  8733 | D:10     | Entered Level 10 of the Dungeon
  8845 | D:10     | Found a staircase to the Lair.
  9356 | D:10     | Found Tuexzic's Assorted Antiques.
  9372 | D:10     | Bought a scroll labelled BONAS COAFIT for 22 gold pieces
  9546 | D:10     | Reached skill level 11 in Fighting
  9623 | Lair:1   | Entered Level 1 of the Lair of Beasts
  9948 | Lair:1   | Reached XP level 12. HP: 80/94 MP: 0/0
 10327 | Lair:1   | You are sucked into a shaft and drop 1 floor!
 10338 | Lair:2   | Noticed Amaemon
 10350 | Lair:2   | Killed Amaemon
 10525 | Lair:2   | Reached skill level 12 in Fighting
 10621 | Lair:2   | Found an ornate altar of the Wu Jian Council.
 11059 | Lair:2   | Identified the +5 dagger of Subterfuge {freeze, Str+5}
 11114 | Lair:2   | Found a hole to the Spider Nest.
 11422 | Lair:3   | Noticed a skyshark
 11429 | Lair:3   | Killed a skyshark
 11430 | Lair:3   | Reached skill level 10 in Spellcasting
 11643 | Lair:3   | Noticed a four-headed hydra
 11649 | Lair:3   | Killed a four-headed hydra
 11752 | Lair:3   | Reached skill level 5 in Dodging
 11862 | Lair:3   | Noticed a boulder beetle
 12026 | Lair:3   | Killed a boulder beetle
 12027 | Lair:3   | Reached XP level 13. HP: 69/102 MP: 0/0
 12027 | Lair:3   | Learned a level 5 spell: Summon Forest
 12072 | Lair:3   | Found a staircase to the Swamp.
 12227 | Lair:4   | Noticed an eight-headed hydra
 12237 | Lair:4   | Killed an eight-headed hydra
 12275 | Lair:4   | Reached skill level 13 in Fighting
 12382 | Lair:4   | HP: 5/103 [cane toad (10)]
 12383 | Lair:4   | Mangled by a cane toad

Illustrated notes

Levels and vault maps discovered:
D:1:      lightli_arrival_noodles, layout_rooms,
          shapermc_ecumenical_altar_mp_urbaneastern, minmay_tall_x
D:2:      layout_basic, serial_forest, infiniplex_forest_straight_2,
          infiniplex_forest_clump_tiny, infiniplex_forest_lined_2,
          infiniplex_forest_end_2, infiniplex_forest_straight_4,
          infiniplex_forest_straight_2
D:3:      layout_basic, nicolae_wu_jian_wuxing_cycle,
          mainiacjoe_overflow_boulevard, uniq_terence
D:4:      layout_cave_pools, vehumet_statue, minivault_19,
          hangedman_decor_riveting
D:5:      layout_loops_ring, serial_shops, shop, nicolae_shop_crystal,
          nicolae_zen_rock_garden, bh_walls_and_bars, uniq_pikel
D:6:      layout_loops_ring, minmay_temple_entry_statues_fountains,
          serial_bayou_pond_e, uniq_menkaure
D:7:      layout_loops_ring, serial_shops, shop, serial_demonic,
          serial_demonic_b, serial_demonic_g, serial_demonic_e,
          serial_demonic_g, serial_demonic_g, serial_demonic_g
D:8:      layout_loops_cross, mainiacjoe_overflow_alcove_2, serial_ice,
          serial_ice_i, serial_ice_g, serial_ice_n, serial_ice_c,
          minmay_misc_feat_rows, uniq_maurice, uniq_grum
D:9:      layout_long_grid
D:10:     layout_loops_ring, erik_lair_island, serial_shops,
          nicolae_shop_hallway_stairs, grunt_ministairs_9
Temple:   mainiacjoe_temple_bowtie_tessellation
Lair:1:   layout_regular_city, infiniplex_staircase_pool, lemuel_fruit_tree,
          grunt_megastairs_1
Lair:2:   layout_regular_city, nicolae_spider_entry_non_spiders, basic_altar,
          lemuel_fruit_fields, uniq_amaemon
Lair:3:   layout_chaotic_city, swamp_mist
Lair:4:   layout_layer_cave, slime_entry_2, grunt_megastairs_2

Skill      XL: |  1  2  3  4  5  6  7  8  9 10 11 12 13 |
---------------+----------------------------------------+-----
Fighting       | 1 2 3 4 5 6 8 10 11 12 13 | 13.3
Armour         | 1 2 3 4 5 6 8 9 |  9.4
Spellcasting   | 3 4 5 6 8 9 10 | 10.7
Dodging        | 5 6 |  6.0
Stealth        | |  1.5

Action                     |  1- 3 |  4- 6 |  7- 9 | 10-12 | 13-15 || total
---------------------------+-------+-------+-------+-------+-------++-------
  Melee: Unarmed           |     3 |       |       |       |       ||     3
         Dagger            |       |     7 |       |       |       ||     7
         Hand axe          |       |       |     4 |       |       ||     4
         Spear             |       |       |     9 |    53 |     4 ||    66
         Punch             |       |       |       |     1 |       ||     1
   Cast: Foxfire           |    52 |    79 |    74 |   213 |    23 ||   441
         Scorch            |     9 |    18 |    38 |    68 |     2 ||   135
         Magic Dart        |     2 |    21 |    15 |    16 |       ||    54
         Static Discharge  |       |     2 |     7 |     2 |       ||    11
         Inner Flame       |       |       |     4 |     2 |       ||     6
         Flame Wave        |       |       |     4 |    40 |    10 ||    54
         Volatile Blastmot |       |       |     2 |     3 |       ||     5
         Frozen Ramparts   |       |       |       |    14 |     4 ||    18
         Animate Armour    |       |       |       |     2 |       ||     2
         Teleport Other    |       |       |       |     1 |       ||     1
    Use: Scroll            |       |       |     6 |     9 |       ||    15
         Potion            |       |       |     1 |       |       ||     1
   Stab: Distracted        |       |       |       |     3 |       ||     3
 Armour: Robe              |     2 |     3 |    11 |    20 |       ||    36
         Fire dragon scale |     2 |       |       |    99 |    42 ||   143
  Dodge: Dodged            |     8 |    14 |    36 |   130 |    21 ||   209
